 Dungeon Crawl Stone Soup version 0.30-a0-377-g5cb311bc9f (webtiles) character file.

Game seed: 2626999429424301199

30 qeuew the Shield-Bearer (level 3, -4/29 HPs)
             Began as a Formicid Fighter on Nov 30, 2022.
             Slain by Sigmund
             ... wielding a +0 scythe
              (9 damage)
             ... on level 2 of the Dungeon.
             The game lasted 00:02:23 (575 turns).

qeuew the Shield-Bearer (Formicid Fighter)           Turns: 575, Time: 00:02:23

Health: -4/29      AC:  6    Str: 22    XL:     3   Next: 35%
Magic:  3/3        EV:  9    Int:  7    God:
Gold:   40         SH:  5    Dex: 13    Spells: 2/2 levels left

rFire   . . .      SeeInvis +    a - +0 war axe
rCold   . . .      Faith    .    c - +0 buckler
rNeg    . . .      Spirit   .    b - +0 scale mail
rPois   +          Reflect  .    (helmet unavailable)
rElec   .          Harm     .    (no cloak)
rCorr   .          Rampage  .    (no gloves)
Will    .....                    (no boots)
Stlth   ..........               (no amulet)
HPRegen 0.24/turn                j - ring of poison resistance
MPRegen 0.08/turn                (no ring)

@: mighty
A: permanent stasis, dig shafts and tunnels, antennae 3, four strong arms
a: Dig, Shaft Self


You were on level 2 of the Dungeon.
You visited 1 branch of the dungeon, and saw 2 of its levels.

You collected 40 gold pieces.

Inventory:

Hand Weapons
 a - a +0 war axe (weapon)
Armour
 b - a +0 scale mail (worn)
 c - a +0 buckler (worn)
Jewellery
 j - a ring of poison resistance (left hand)
Potions
 h - a potion of magic


   Skills:
 + Level 3.5 Fighting
 + Level 2.3 Axes
 + Level 3.5 Armour
 + Level 0.9 Dodging
 + Level 4.3 Shields


You had 2 spell levels left.
You didn't know any spells.
Your spell library contained the following spells:

 Spells                   Type           Power      Damage    Failure   Level
 Sandblast                Erth           0%         2d4       83%         1
 Passwall                 Tmut/Erth      0%         N/A       92%         2
 Stone Arrow              Conj/Erth      0%         3d7       99%         3


Dungeon Overview and Level Annotations

Branches:
Dungeon (2/15)

Altars:

Shops:
D:1 ((*([

Annotations:
D:2 Sigmund


Innate Abilities, Weirdness & Mutations

You cannot be hasted, slowed, berserked, paralysed or teleported.
You can dig through walls and to a lower floor.
You have a pair of large antennae on your head. (SInv)
Your four strong arms can wield two-handed weapons with a shield.


Message History

You slash the dart slug!
You kill the dart slug!
Found 12 gold pieces.
You see here a +0 club.
Sigmund the Dreaded comes into view.
He is wielding a +0 scythe.
The goblin hits you but does no damage.
You barely miss the goblin. The goblin hits you with a +0 dagger.
You slash the goblin!
You kill the goblin!
You slash the hobgoblin!
You kill the hobgoblin!
Sigmund hits you from afar with a +0 scythe!
You see here a +0 dagger.
You slash Sigmund!
Sigmund is heavily wounded.
Sigmund mumbles some strange words.
Sigmund flickers and vanishes for a moment.
Sigmund says, "I'm your fate." You block Sigmund's attack.
Sigmund is nearby!
Sigmund is nearby!
You hit Sigmund but do no damage.
Sigmund is heavily wounded.
Sigmund closely misses you.
You closely miss Sigmund.
Sigmund is heavily wounded.
Sigmund hits you with a +0 scythe!
You closely miss Sigmund.
Sigmund is heavily wounded.
You hit Sigmund.
Sigmund is heavily wounded.
Sigmund barely misses you.
You barely miss Sigmund.
Sigmund is heavily wounded.
Sigmund hits you with a +0 scythe!
* * * LOW HITPOINT WARNING * * *
Unknown command.
You feel very mighty all of a sudden. Sigmund hits you with a +0 scythe!
You die...

#.........
#........##
..........# #
.$........##.
............ #
..........# .#
.......@..#..#
#......@.....#
##.......###.#
##..#..##
#####.##).#
..........####.#
...............#
#.#
.....###.#####.#
#.# #### #.#
#.##########.##


You could see Sigmund (invisible).

Vanquished Creatures
  An adder (D:2)
  A dart slug (D:2)
  3 goblins
  2 hobgoblins
  A quokka (D:1)
  2 ball pythons (D:1)
  3 bats
  A frilled lizard (D:1)
  3 kobolds
  2 rats
19 creatures vanquished.

Notes
Turn   | Place    | Note
-------+----------+-------------------------------------------
     0 | D:1      | qeuew the Formicid Fighter began the quest for the Orb.
     0 | D:1      | Reached XP level 1. HP: 18/18 MP: 1/1
    62 | D:1      | Found Deol's Antique Armour Boutique.
    79 | D:1      | Found Oxoc's Weapon Emporium.
   159 | D:1      | Found Ruahuoq's Antique Weapon Shoppe.
   207 | D:1      | Found Luruim's Weapon Emporium.
   335 | D:1      | Reached XP level 2. HP: 24/24 MP: 2/2
   372 | D:1      | Found Loyl's General Store.
   549 | D:2      | Reached XP level 3. HP: 29/29 MP: 3/3
   564 | D:2      | Noticed Sigmund
   575 | D:2      | Slain by Sigmund

Illustrated notes

Levels and vault maps discovered:
D:1:      scummos_arrival_simple_fountains, layout_loops_ring, serial_shops,
          nicolae_shop_advertising_works [nicolae_subvault_shop_adworks],
          nicolae_shop_bloodbath_and_beyond, shop, nicolae_shop_statue_plus,
          shop
D:2:      minmay_recursive_quarters, layout_rooms, kennysheep_generic_room_6,
          uniq_sigmund

Action                   || total
-------------------------++-------
Melee: War axe           ||    58
  Use: Scroll            ||     3
       Potion            ||     3
Armor: Scale mail        ||    29
Dodge: Dodged            ||    20
Block: Buckler           ||    15

Table legend: (Time is in decaauts)
 A = Elapsed time spent in this place.
 B = Non-inter-level travel time spent in this place.
 C = Inter-level travel time spent in this place.
 D = Time resting spent in this place.
 E = Time spent auto-exploring this place.
 F = Levels seen in this place.
 G = Mean time per level.
                   A        B        C        D        E       F      G
               +--------+--------+--------+--------+--------+-----+--------+
         Total |    598 |    578 |     20 |      0 |    408 |   2 |  299.0 |
       Dungeon |    598 |    578 |     20 |      0 |    408 |   2 |  299.0 |
               +--------+--------+--------+--------+--------+-----+--------+

Top non-repeatable levels by time:
     D:1: 526 daAuts
     D:2: 71 daAuts
